| TOP OF THE 1ST |
|
Syracuse Chiefs batting - Pitching for El Paso Chihuahuas : LHP Yuri Thra
|
|
Pitching: LHP Yuri Thra
|
|
|
Batting: RHB Niek de Haan
|
0-0: Ball 1-0: Ground out U3 (Groundball, 3, EV 93.8 MPH)
|
|
Batting: LHB Sidney Pedder
|
0-0: Swinging Strike 0-1: Called Strike 0-2: Fly out, F8 (Flyball, 78D, EV 73.1 MPH)
|
|
Batting: SHB Alex Ethridge
|
0-0: Foul Ball, location: 2F 0-1: Called Strike 0-2: Strikes out swinging
|
| Top of the 1st over - 0 runs, 0 hits, 0 errors, 0 left on base; Syracuse 0 - El Paso 0 |
| BOTTOM OF THE 1ST |
|
El Paso Chihuahuas batting - Pitching for Syracuse Chiefs : LHP Brian Walters
|
|
Pitching: LHP Brian Walters
|
|
|
Batting: RHB Rudolf Gommers
|
0-0: Ball 1-0: Called Strike 1-1: Swinging Strike 1-2: Ball 2-2: Ball 3-2: Foul Ball, location: 2F 3-2: Base on Balls
|
|
Batting: SHB Gregg Whitecotton
|
0-0: Ball 1-0: Called Strike 1-1: Ball 2-1: Called Strike 2-2: Ball 3-2: Base on Balls Rudolf Gommers to second
|
|
Batting: RHB Oscar Fausto
|
0-0: Ball 1-0: Foul Ball, location: 2F 1-1: Ball 2-1: Ball 3-1: Swinging Strike 3-2: Base on Balls Rudolf Gommers to third Gregg Whitecotton to second
|
|
Batting: RHB Matthew Starr
|
0-0: Foul Ball, location: 2F 0-1: Foul Ball, location: 2F 0-2: Ball 1-2: Ball 2-2: Fly out, F9 (Flyball, 9, EV 91.9 MPH) Runner from 3rd tags up, OUT at HOME! 9-2 Gregg Whitecotton to third Oscar Fausto to second
|
|
Batting: RHB Ben Zeiler
|
0-0: Swinging Strike 0-1: Swinging Strike 0-2: Ball 1-2: Strikes out swinging
|
| Bottom of the 1st over - 0 runs, 0 hits, 0 errors, 2 left on base; Syracuse 0 - El Paso 0 |
| TOP OF THE 2ND |
|
Syracuse Chiefs batting - Pitching for El Paso Chihuahuas : LHP Yuri Thra
|
|
Batting: RHB Danny Gerardo
|
0-0: Ball 1-0: Ball 2-0: Foul Ball, location: 2F 2-1: Ball 3-1: Called Strike 3-2: Strikes out swinging
|
|
Batting: RHB Ben Welt
|
0-0: Swinging Strike 0-1: Ball 1-1: Ground out 3-1 (Groundball, 34S, EV 76.2 MPH)
|
|
Batting: RHB Ke-yue Hong
|
0-0: Called Strike 0-1: Ball 1-1: SINGLE (Groundball, 4MS, EV 71.9 MPH) (infield hit)
|
|
Batting: RHB Ryota Tenno
|
0-0: Called Strike 0-1: Swinging Strike 0-2: Ball 1-2: Ball 2-2: Ball 3-2: Base on Balls Ke-yue Hong to second
|
|
Batting: RHB Ryan Short
|
0-0: Ground out 4-3 (Groundball, 4, EV 90.6 MPH)
|
| Top of the 2nd over - 0 runs, 1 hit, 0 errors, 2 left on base; Syracuse 0 - El Paso 0 |
| BOTTOM OF THE 2ND |
|
El Paso Chihuahuas batting - Pitching for Syracuse Chiefs : LHP Brian Walters
|
|
Batting: SHB Devin Hottenstein
|
0-0: Called Strike 0-1: Fly out, F9 (Flyball, 9LS, EV 91.2 MPH)
|
|
Batting: LHB Ben Antal
|
0-0: Called Strike 0-1: Ball 1-1: Foul Ball, location: 2F 1-2: Strikes out swinging
|
|
Batting: LHB Helmut Steggall
|
0-0: Ball 1-0: Foul Ball, location: 2F 1-1: Foul Ball, location: 2F 1-2: Ball 2-2: Ball 3-2: Fly out, F9 (Flyball, 9LM, EV 80.6 MPH)
|
| Bottom of the 2nd over - 0 runs, 0 hits, 0 errors, 0 left on base; Syracuse 0 - El Paso 0 |
| TOP OF THE 3RD |
|
Syracuse Chiefs batting - Pitching for El Paso Chihuahuas : LHP Yuri Thra
|
|
Batting: LHB Dana McDonald
|
0-0: Ball 1-0: Ball 2-0: Ball 3-0: Called Strike 3-1: Foul Ball, location: 2F 3-2: Strikes out swinging
|
|
Batting: RHB Niek de Haan
|
0-0: Ball 1-0: Ball 2-0: SINGLE (Line Drive, 8RS, EV 87.5 MPH)
|
|
Batting: LHB Sidney Pedder
|
0-0: Ball Niek de Haan steals 2nd base 1-0: Foul Ball, location: 2F 1-1: Swinging Strike 1-2: Strikes out looking
|
|
Batting: SHB Alex Ethridge
|
0-0: Ball 1-0: Called Strike 1-1: SINGLE (Groundball, 34D, EV 101.9 MPH) Niek de Haan to third Runner from 3rd tries for Home, throw by RF and OUT! 9-2
|
| Top of the 3rd over - 0 runs, 2 hits, 0 errors, 1 left on base; Syracuse 0 - El Paso 0 |
| BOTTOM OF THE 3RD |
|
El Paso Chihuahuas batting - Pitching for Syracuse Chiefs : LHP Brian Walters
|
|
Batting: RHB Mike Manchester
|
0-0: Called Strike 0-1: Ball 1-1: Swinging Strike 1-2: Ball 2-2: Strikes out swinging
|
|
Batting: RHB Rudolf Gommers
|
0-0: Called Strike 0-1: Ball 1-1: Ground out 5-3 (Groundball, 56S, EV 86.2 MPH)
|
|
Batting: SHB Gregg Whitecotton
|
0-0: Foul Ball, location: 2F 0-1: Foul Ball, location: 2F 0-2: Strikes out swinging
|
| Bottom of the 3rd over - 0 runs, 0 hits, 0 errors, 0 left on base; Syracuse 0 - El Paso 0 |
| TOP OF THE 4TH |
|
Syracuse Chiefs batting - Pitching for El Paso Chihuahuas : LHP Yuri Thra
|
|
Batting: RHB Danny Gerardo
|
0-0: Ball 1-0: SINGLE (Groundball, P, EV 86.2 MPH) (infield hit)
|
|
Batting: RHB Ben Welt
|
0-0: Ball 1-0: Foul Ball, location: 2F 1-1: Grounds into double play, 4-6-3 (Groundball, 4S, EV 88.1 MPH)
|
|
Batting: RHB Ke-yue Hong
|
0-0: Ball 1-0: Ball 2-0: Ball 3-0: Base on Balls
|
|
Batting: RHB Ryota Tenno
|
0-0: Called Strike 0-1: Ball 1-1: Swinging Strike 1-2: Fielders Choice at 2nd, 6-4 (Groundball, 6, EV 96.9 MPH)
|
| Top of the 4th over - 0 runs, 1 hit, 0 errors, 1 left on base; Syracuse 0 - El Paso 0 |
| BOTTOM OF THE 4TH |
|
El Paso Chihuahuas batting - Pitching for Syracuse Chiefs : LHP Brian Walters
|
|
Batting: RHB Oscar Fausto
|
0-0: Ball 1-0: SINGLE (Line Drive, 78S, EV 94.4 MPH)
|
|
Batting: RHB Matthew Starr
|
0-0: Ball 1-0: Ball 2-0: SINGLE (Line Drive, 7LS, EV 103.8 MPH) Oscar Fausto to second
|
|
Batting: RHB Ben Zeiler
|
0-0: Called Strike 0-1: Grounds into double play, 6-4-3 (Groundball, 6, EV 80.0 MPH) Oscar Fausto to third
|
|
Batting: SHB Devin Hottenstein
|
0-0: Ball 1-0: Ball 2-0: Called Strike 2-1: Foul Ball, location: 2F 2-2: Foul Ball, location: 2F 2-2: Ball 3-2: Foul Ball, location: 2F 3-2: Strikes out swinging
|
| Bottom of the 4th over - 0 runs, 2 hits, 0 errors, 1 left on base; Syracuse 0 - El Paso 0 |
| TOP OF THE 5TH |
|
Syracuse Chiefs batting - Pitching for El Paso Chihuahuas : LHP Yuri Thra
|
|
Batting: RHB Ryan Short
|
0-0: Fly out, F3 (Popup, 34, EV 76.9 MPH)
|
|
Batting: LHB Dana McDonald
|
0-0: Ground out 4-3 (Groundball, 4, EV 78.8 MPH)
|
|
Batting: RHB Niek de Haan
|
0-0: Foul Ball, location: 2F 0-1: SINGLE (Groundball, 34S, EV 69.4 MPH) (infield hit)
|
|
Batting: LHB Sidney Pedder
|
0-0: Ball 1-0: Called Strike Niek de Haan steals 2nd base (no throw) 1-1: SINGLE (Line Drive, 9S, EV 98.8 MPH) Niek de Haan to third Runner from 3rd tries for Home, SAFE, throw by RF to home
|
|
Batting: SHB Alex Ethridge
|
0-0: 2-RUN HOME RUN (Flyball, 7LD, EV 96.2 MPH), Distance : 360 ft
|
|
Batting: RHB Danny Gerardo
|
0-0: Called Strike 0-1: Called Strike 0-2: Fly out, F7 (Flyball, 7S, EV 94.4 MPH)
|
| Top of the 5th over - 3 runs, 3 hits, 0 errors, 0 left on base; Syracuse 3 - El Paso 0 |
| BOTTOM OF THE 5TH |
|
El Paso Chihuahuas batting - Pitching for Syracuse Chiefs : LHP Brian Walters
|
|
Batting: LHB Ben Antal
|
0-0: Fly out, F7 (Flyball, 7S, EV 83.1 MPH)
|
|
Batting: LHB Helmut Steggall
|
0-0: Foul Ball, location: 2F 0-1: Foul Ball, location: 2F 0-2: Ball 1-2: Ball 2-2: Foul Ball, location: 2F 2-2: Ball 3-2: Ground out 4-3 (Groundball, 4, EV 106.2 MPH)
|
|
Batting: RHB Mike Manchester
|
0-0: Fly out, F9 (Flyball, 9LS, EV 78.1 MPH)
|
| Bottom of the 5th over - 0 runs, 0 hits, 0 errors, 0 left on base; Syracuse 3 - El Paso 0 |
| TOP OF THE 6TH |
|
Syracuse Chiefs batting - Pitching for El Paso Chihuahuas : LHP Yuri Thra
|
|
Batting: RHB Ben Welt
|
0-0: Called Strike 0-1: Swinging Strike 0-2: Foul Ball, location: 2F 0-2: Foul Ball, location: 2F 0-2: Ball 1-2: Fly out, F6 (Flyball, 6D, EV 89.4 MPH)
|
|
Batting: RHB Ke-yue Hong
|
0-0: Foul Ball, location: 2F 0-1: Ball 1-1: Called Strike 1-2: Ball 2-2: Ball 3-2: Fly out, F9 (Flyball, 9LD, EV 74.4 MPH)
|
|
Batting: RHB Ryota Tenno
|
0-0: Ball 1-0: Ball 2-0: Called Strike 2-1: Ball 3-1: Foul Ball, location: 2F 3-2: Strikes out swinging
|
| Top of the 6th over - 0 runs, 0 hits, 0 errors, 0 left on base; Syracuse 3 - El Paso 0 |
| BOTTOM OF THE 6TH |
|
El Paso Chihuahuas batting - Pitching for Syracuse Chiefs : LHP Brian Walters
|
|
Batting: RHB Rudolf Gommers
|
0-0: Swinging Strike 0-1: Ball 1-1: Ball 2-1: Foul Ball, location: 2F 2-2: Fly out, F8 (Line Drive, 8LD, EV 86.9 MPH)
|
|
Batting: SHB Gregg Whitecotton
|
0-0: Swinging Strike 0-1: Swinging Strike 0-2: Strikes out swinging
|
|
Batting: RHB Oscar Fausto
|
0-0: Ball 1-0: Ball 2-0: Ball 3-0: Base on Balls
|
|
Batting: RHB Matthew Starr
|
0-0: Called Strike 0-1: Ball 1-1: Swinging Strike 1-2: Ball 2-2: Strikes out swinging
|
| Bottom of the 6th over - 0 runs, 0 hits, 0 errors, 1 left on base; Syracuse 3 - El Paso 0 |
| TOP OF THE 7TH |
|
Syracuse Chiefs batting - Pitching for El Paso Chihuahuas : LHP Yuri Thra
|
|
Batting: RHB Ryan Short
|
0-0: Swinging Strike 0-1: Foul Ball, location: 2F 0-2: Strikes out looking
|
|
Batting: LHB Dana McDonald
|
0-0: SINGLE (Groundball, 4D, EV 97.5 MPH)
|
|
Batting: RHB Niek de Haan
|
0-0: Ball 1-0: Ball Dana McDonald steals 2nd base 2-0: Swinging Strike 2-1: Ground out 1-3 (Groundball, P, EV 70.0 MPH) Dana McDonald to third
|
|
Batting: LHB Sidney Pedder
|
0-0: Ball 1-0: Foul Ball, location: 2F 1-1: Fly out, F3 (Popup, 3SF, EV 72.5 MPH)
|
| Top of the 7th over - 0 runs, 1 hit, 0 errors, 1 left on base; Syracuse 3 - El Paso 0 |
| BOTTOM OF THE 7TH |
|
El Paso Chihuahuas batting - Pitching for Syracuse Chiefs : LHP Brian Walters
|
|
Batting: RHB Ben Zeiler
|
0-0: Ball 1-0: Foul Ball, location: 2F 1-1: Ground out U3 (Groundball, 34, EV 101.2 MPH)
|
|
Batting: SHB Devin Hottenstein
|
0-0: Swinging Strike 0-1: Ball 1-1: Fly out, F7 (Line Drive, 78M, EV 93.1 MPH)
|
|
Batting: LHB Ben Antal
|
0-0: Fly out, F5 (Line Drive, 5, EV 65.0 MPH)
|
| Bottom of the 7th over - 0 runs, 0 hits, 0 errors, 0 left on base; Syracuse 3 - El Paso 0 |
| TOP OF THE 8TH |
|
Syracuse Chiefs batting - Pitching for El Paso Chihuahuas : LHP Yuri Thra
|
|
Pitching: LHP Jon Zaragoza
|
|
|
Batting: SHB Alex Ethridge
|
0-0: Swinging Strike 0-1: Ball 1-1: Foul Ball, location: 2F 1-2: Foul Ball, location: 2F 1-2: Strikes out swinging
|
|
Batting: RHB Danny Gerardo
|
0-0: Ball 1-0: Called Strike 1-1: Ball 2-1: Swinging Strike 2-2: Ball 3-2: Strikes out swinging, 2-3 out at first.
|
|
Batting: RHB Ben Welt
|
0-0: Called Strike 0-1: Called Strike 0-2: Ball 1-2: Foul Ball, location: 2F 1-2: Ball 2-2: Ball 3-2: Strikes out swinging
|
| Top of the 8th over - 0 runs, 0 hits, 0 errors, 0 left on base; Syracuse 3 - El Paso 0 |
| BOTTOM OF THE 8TH |
|
El Paso Chihuahuas batting - Pitching for Syracuse Chiefs : LHP Brian Walters
|
|
Pitching: RHP Johnny Marquez
|
|
|
Batting: LHB Helmut Steggall
|
0-0: Called Strike 0-1: Ball 1-1: Swinging Strike 1-2: SINGLE (Groundball, 6D, EV 94.4 MPH)
|
|
Pinch Hitting: SHB Steve Killion
|
0-0: Ground out 6-3 (Groundball, P, EV 87.5 MPH) Helmut Steggall to second
|
|
Batting: RHB Rudolf Gommers
|
0-0: Ball 1-0: Reached on error, E5 (Groundball, 56S, EV 67.5 MPH) Helmut Steggall to third
|
|
Batting: SHB Gregg Whitecotton
|
0-0: Called Strike 0-1: Ball 1-1: Called Strike 1-2: Strikes out swinging
|
|
Batting: RHB Oscar Fausto
|
0-0: Ball 1-0: Called Strike 1-1: Ball 2-1: Called Strike 2-2: Foul Ball, location: 2F 2-2: Strikes out looking
|
| Bottom of the 8th over - 0 runs, 1 hit, 1 error, 2 left on base; Syracuse 3 - El Paso 0 |
| TOP OF THE 9TH |
|
Syracuse Chiefs batting - Pitching for El Paso Chihuahuas : LHP Jon Zaragoza
|
|
Pitching: RHP Sean Rice
|
|
|
Now at 3B: Steve Killion
|
|
|
Batting: RHB Ke-yue Hong
|
0-0: Called Strike 0-1: Foul Ball, location: 2F 0-2: Strikes out swinging
|
|
Batting: RHB Ryota Tenno
|
0-0: Called Strike 0-1: Foul Ball, location: 2F 0-2: Ball 1-2: Ball 2-2: Ball 3-2: Base on Balls
|
|
Batting: RHB Ryan Short
|
0-0: Ball Ryota Tenno is caught stealing 2nd base 2-4 1-0: Ball 2-0: Foul Ball, location: 2F 2-1: Called Strike 2-2: Strikes out swinging
|
| Top of the 9th over - 0 runs, 0 hits, 0 errors, 0 left on base; Syracuse 3 - El Paso 0 |
| BOTTOM OF THE 9TH |
|
El Paso Chihuahuas batting - Pitching for Syracuse Chiefs : RHP Johnny Marquez
|
|
Pitching: LHP Jesus Gallegos
|
|
|
Batting: RHB Matthew Starr
|
0-0: Ball 1-0: Foul Ball, location: 2F 1-1: Swinging Strike 1-2: Strikes out swinging
|
|
Batting: RHB Ben Zeiler
|
0-0: Called Strike 0-1: Ball 1-1: DOUBLE (Groundball, 5L, EV 100.6 MPH)
|
|
Batting: SHB Devin Hottenstein
|
0-0: Foul Ball, location: 2F 0-1: DOUBLE (Line Drive, 78XD, EV 105.6 MPH) Ben Zeiler scores
|
|
Pinch Hitting: RHB Itsuo Yoshioka
|
0-0: Foul Ball, location: 2F 0-1: Swinging Strike 0-2: Ball 1-2: Foul Ball, location: 2F 1-2: Ball 2-2: Ball 3-2: Base on Balls
|
|
Pinch Hitting: RHB Mark Cholagh
|
0-0: Ball Wild Pitch! Devin Hottenstein to third Itsuo Yoshioka to second 1-0: Ball 2-0: Foul Ball, location: 2F 2-1: Called Strike 2-2: Strikes out swinging
|
|
Batting: SHB Steve Killion
|
0-0: Ball 1-0: Ball 2-0: Called Strike 2-1: Ground out 6-3 (Groundball, 56, EV 106.9 MPH)
|
| Bottom of the 9th over - 1 run, 2 hits, 0 errors, 2 left on base; Syracuse 3 - El Paso 1 |
|